Arrhythmia, chaotic male vampiric Convict ------------------ --------------- |..........|.....| |.| |.........|...| |..|.---.|.|.---.-- ---.|B|--.--- |...{.-.-.|.|.| --------- |..|...|.|.|.|..... |.|._.|.....| |.........|.|.| |.+.....| |..|--.|.---%|.-.------- --- |.|.-.|.---.|.-----%|...---.| -----.---.--- |.%|.|.|.....|+..|.....| |.| |.......|.........[.|.......| |.....| |...| -------.|.|--.-----.|^|...---.| |.------------------|...---.-----.----|--.| |.../.*...|.....|.|...|.......| |...|.........|...| |.....|...|...|..0|.|.| |.--------|.....|.|.--|...---.| ---|.........|.-----.-------.|.---.|.|.|.| |.| |.|.....|.....|.......| |....<....-.............|...|...|...|.| |.---. |.|.....|--.---.......--------|.........|.---------.|.|.---.------|.| |.....|.|.|.....|.....%%........|.....|.........|...%%.%| |.|.|...%.| |.| |--.--|.|.---.---.|.......-.|.--|+|%-----------------^--- |.|%|.---.| |.| |.....|.|...|.....|.........|%| |.|..%.... |.....|.| |.|..*|...| |.| |.-----.|.|.|.---------...---)---.|----.-------.|.-.|[| --|.---.--------|.| |.|+....|.|.|+|...........|.......|...|.....|.[[|.....| |.|...|.......|.| |.|.---...|.|.|.---.------|.---...|.|.|.---.|.-.------- |%|.---.|.-----.| |.........|...|......0 |.........|.....|.........| |.|.....|..*...0| ---------------------- --------------------------- ---------------- Arrhythmia the Prisoner Experience level: 10 Strength: 18/01 Dexterity: 9 Constitution: 20 Intelligence: 13 Wisdom: 8 Charisma: 7 Health: 10(10) Energy: 62(62) AC: 6 Gold: 1744 Moves: 5011 Your Inventory: Coins $ - 1744 gold pieces Scrolls r - a [cursed] scroll of teleportation Wands e - an uncursed wand of lightning [0:7] f - an [uncursed] wand of probing [0:4] y - an uncursed wand of digging [0:5] N - an [uncursed] wand of digging [0:6] Y - an [uncursed] wand of lightning [0:2] Tools a - an [uncursed +0] unicorn horn j - an uncursed bag called Sack [sack] s - an uncursed skeleton key W - an [uncursed oil] lamp called reg (0:0) Z - an [uncursed] blindfold Spells known in the end: Name Level Category Fail Memory Your skills at the end: Fighting Skills Weapon Skills flail [Skilled / Expert] sling [Basic / Skilled] Spellcasting Skills Final Attributes: You were piously aligned. Hunger level was 789. Your alignment was 34 / 35. Monster difficulty range was 2 - 11. Level difficulty was 12. You were immune to sleep. You were immune to poison. You were immune to sickness. You were stunned. You were punished. You could fly. You regenerated. You were polymorphed into a vampire bat (586). You were lucky (1). You survived. Vanquished creatures: 2 vampires a watch captain 6 giant zombies a sergeant a small mimic an ettin mummy a troll a sasquatch 2 shocking spheres a tiger a tengu an elf mummy a python a carnivorous ape 2 ettin zombies 2 Grey-elves 5 watchmen a succubus a crocodile 3 wolves 3 winter wolf cubs a lynx a leprechaun a gnome king an orc mummy 4 dwarf mummies a brown pudding a rust monster a Green-elf 4 chickatrices a gray unicorn a raven a plains centaur an ape 4 human zombies a fire ant 2 bugbears 3 Uruk-hai 14 gnome lords 2 gnomish wizards a kobold mummy a guardian naga hatchling a floating eye a kitten 18 dwarves a kobold lord 8 hill orcs 2 orc zombies a dwarf zombie an iguana a gas spore 3 hobbits 4 giant rats 2 yellow molds a green mold 70 gnomes 3 gnome zombies 2 geckos 4 jackals 2 kobolds 3 goblins 2 sewer rats 2 grid bugs 2 lichens 5 newts 224 creatures vanquished. Voluntary challenges: You went without food. You never hit with a wielded weapon. You read items or engraved 19 times. You put on armor 33 times. You never genocided any monsters. You never polymorphed an object. You changed form 1 time. You used no wishes. You abstained from Elbereth's help. You never encountered a bones level. You never used any Sokoban shortcuts. Dungeon overview: The Dungeons of Doom: levels 1 to 3 Level 1 a long staircase Level 3 stairs to The Gnomish Mines The Gnomish Mines: levels 4 to 12 Level 4 stairs to The Dungeons of Doom Level 7 a temple, a magic chest, a fountain Level 12 <- You were here a fountain History has recorded: On T:1 you entered the Dungeons of Doom to retrieve the Amulet of Yendor! On T:329 you advanced to experience level 2. On T:605 you reached level 2 of The Dungeons of Doom. On T:735 you advanced to experience level 3. On T:994 you reached level 3 of The Dungeons of Doom. On T:1024 you advanced to experience level 4. On T:1035 you reached level 1 of The Gnomish Mines. On T:1070 you advanced to experience level 5. On T:1303 you reached level 2 of The Gnomish Mines. On T:1307 you advanced to experience level 6. On T:1618 you reached level 3 of The Gnomish Mines. On T:1683 you advanced to experience level 7. On T:1716 you reached level 4 of The Gnomish Mines. On T:2195 you advanced to experience level 8. On T:2538 you reached level 5 of The Gnomish Mines. On T:2813 you advanced to experience level 9. On T:2922 you reached level 6 of The Gnomish Mines. On T:3373 you reached level 7 of The Gnomish Mines. On T:3860 you reached level 8 of The Gnomish Mines. On T:4211 you reached level 9 of The Gnomish Mines. On T:4283 you advanced to experience level 10. On T:4521 you refused a wish. Latest messages: You have a little trouble lifting B - a scroll labeled HACKEM MUCHE. Your movements are slowed slightly because of your load. [2 turns] As you read the scroll, it disappears. You have found a scroll of stinking cloud! Where do you want to center the cloud? Your movements are now unencumbered. You fly onto a polymorph trap! You feel a change coming over you. You turn into a male vampire bat! Your armor falls around you! You can't even move a handspan with this load! You shrink out of your cloak! You become much too small for your shirt! You drop your gloves and weapon! You can no longer hold your shield! Your helmet falls to the floor! Your boots are pushed off your feet! [HP-99=10] The sack is empty. Final status: Goodbye Arrhythmia the Convict... You quit in The Gnomish Mines on dungeon level 12 with 22196 points, and 1744 pieces of gold, after 5011 moves. You were level 10 with a maximum of 109 hit points when you quit.